 Dungeon Sprint DCSS version 0.31-a0-662-g684573625c (webtiles) character file.

Game seed: 12327584771872598162

437 sircluck the Grappler (level 6, 0/53 (71) HPs)
             Began as a Troll Berserker on Sept 1, 2023.
             Was a Believer of Trog.
             Slain by Sonja
             ... wielding a +2 dagger of draining
              (6 damage)
             ... in the Dungeon (Sprint I: "Red Sonja").
             The game lasted 00:01:23 (134 turns).

sircluck the Grappler (Troll Berserker)              Turns: 134, Time: 00:01:23

HP:   0/53 (71)     AC:  4    Str: 28    XL:     6   Next: 69%
MP:   5/5           EV: 11    Int:  3    God:    Trog [**....]
Gold: 117           SH:  0    Dex:  9    Spells: 5/5 levels left

rFire   . .          .
                       - Unarmed
rCold   . . .        (no shield)
rNeg    . . .        a - +0 animal skin
rPois   .            (helmet restricted)
rElec   .            (no cloak)
rCorr   .            (gloves unavailable)
SInv    .            (boots unavailable)
Will    .....        (no amulet)
Stlth   +            (no ring)
HPRegen 1.08/turn    (no ring)
MPRegen 0.09/turn

%: no teleportation
@: lethally poisoned (0 -> 0), on berserk cooldown, slowed, very heavily
drained, very slow
A: large, unfitting armour, claws 3, regeneration 1, shaggy fur 1, tough skin 1
a: Renounce Religion, Berserk, Trog's Hand


You were in the Dungeon.
You worshipped Trog.
Trog was pleased with you.
You visited 1 branch You collected 297 gold pieces.
You spent 180 gold pieces at shops.

Inventory:

Missiles
 j - 4 stones
Armour
 a - a +0 animal skin (worn)
Wands
 h - a wand of charming (11)
Scrolls
 k - a scroll of revelation {unknown}
Potions
 c - a potion of heal wounds
 d - a potion of haste
 e - 2 potions of magic
 f - a potion of berserk rage
 i - a potion of ambrosia {unknown}
 l - a potion of enlightenment
 m - a potion of mutation


   Skills:
 + Level 7.5 Fighting
 + Level 7.4 Dodging
 + Level 8.9 Unarmed Combat


You had 5 spell levels left.
You didn't know any spells.
Your spell library was empty.

Dungeon Overview and Level Annotations

Branches:
Dungeon (1/1)

Altars:
Cheibriados
Dithmenos
Elyvilon
Fedhas
Gozag
Hepliaklqana
Kikubaaqudgha
Nemelex Xobeh
Okawaru
Qazlal
Ru
Sif Muna
Trog
Uskayaw
Vehumet
Wu Jian
Yredelemnul
Zin
The Shining One

Shops:
D !

Annotations:
D Sonja


Innate Abilities, Weirdness & Mutations

You are too large for most types of armour.
You have claws for hands.
Your natural rate of healing is unusually fast.
You are covered in fur. (AC +1)
You have tough skin. (AC +1)


Message History

You are exhausted.
You feel as though you will be slow longer.
You feel sick.
Sonja mumbles some strange words.
Sonja blinks!
Blink to where?
Press: ? - help, Q - select action, (/) - cycle Dir - move target
As you read the scroll of blinking, it crumbles to dust.
You feel sick.
Found 54 gold pieces.
You feel sick.
You feel sick.
You feel sick.
You are no longer poisoned.
There is an open door here.
Sonja throws a curare-tipped dart.
The curare-tipped dart hits you.
You are poisoned.
You have difficulty breathing.
* * * LOW HITPOINT WARNING * * *
You feel as though you will be slow longer.
You close the door.
You feel very sick.
You feel much better.
You feel sick.
Sonja opens the door.
Sonja throws a curare-tipped dart.
The curare-tipped dart barely misses you.
You feel sick. Sonja barely misses you. x3
Sonja hits you with a +2 dagger of draining!
You feel drained.
Sonja hits you with a +2 dagger of draining.
You feel drained.
Sonja hits you with a +2 dagger of draining.
You feel drained.
There is an open door, spattered with blood here.
You closely miss Sonja.
You feel sick.
Sonja hits you with a +2 dagger of draining!
* * * LOW HITPOINT WARNING * * *
You feel drained.
* * * LOW HITPOINT WARNING * * *
Sonja hits you but does no damage.
You feel drained.
Sonja hits you with a +2 dagger of draining.
You die...

################
#<.#..)..#..'..#
#..').#..').#..+
#..#####'#####@#
#..####..#...#K#
#..#__####..##.#
#..#K____##'#_.+
#⌠⌠#_§∩.§.'†.._#
####_..__##_.#'#
#_____###'#.#
####### #.###
$.$


You could see Sonja.

Vanquished Creatures
  Sigmund (D)
  A yak (D)
  An ogre (D)
  A jelly (D)
  Ijyb (D)
5 creatures vanquished.

Notes
Turn   | Place    | Note
-------+----------+-------------------------------------------
     0 | D        | sircluck the Troll Berserker began the quest for the Orb.
     0 | D        | Reached XP level 1. HP: 22/22 MP: 0/0
     1 | D        | Noticed Ijyb
    10 | D        | Killed Ijyb
    11 | D        | Reached skill level 4 in Unarmed Combat
    11 | D        | Reached XP level 2. HP: 30/31 MP: 1/1
    14 | D        | Noticed an ogre
    19 | D        | Killed an ogre
    20 | D        | Reached skill level 5 in Fighting
    20 | D        | Reached skill level 5 in Dodging
    20 | D        | Reached skill level 6 in Unarmed Combat
    20 | D        | Reached XP level 3. HP: 28/42 MP: 2/2
    20 | D        | Reached XP level 4. HP: 33/50 MP: 3/3
    35 | D        | Noticed Sigmund
    40 | D        | Killed Sigmund
    40 | D        | Reached ** piety under Trog
    41 | D        | Reached skill level 7 in Unarmed Combat
    41 | D        | Reached XP level 5. HP: 56/61 MP: 4/4
    55 | D        | Found an ornate altar of the Wu Jian Council.
    55 | D        | Found a shimmering blue altar of Sif Muna.
    57 | D        | Found a radiant altar of Vehumet.
    62 | D        | Reached XP level 6. HP: 64/68 MP: 5/5
    92 | D        | Found Gezorhus's Distillery.
    92 | D        | Found an ancient bone altar of Kikubaaqudgha.
    92 | D        | Found a hazy altar of Hepliaklqana.
    92 | D        | Found a hide-covered altar of Uskayaw.
    92 | D        | Found a basalt altar of Yredelemnul.
    92 | D        | Found an opulent altar of Gozag.
    92 | D        | Found a snail-covered altar of Cheibriados.
    92 | D        | Found a sacrificial altar of Ru.
    92 | D        | Found a shadowy altar of Dithmenos.
    92 | D        | Noticed a yak
    97 | D        | Killed a yak
    98 | D        | Reached skill level 8 in Unarmed Combat
    98 | D        | Found a stormy altar of Qazlal.
    98 | D        | Found a blossoming altar of Fedhas.
    98 | D        | Found a bloodstained altar of Trog.
    98 | D        | Found an iron altar of Okawaru.
    98 | D        | Found a glowing golden altar of the Shining One.
    98 | D        | Found a glowing silver altar of Zin.
    98 | D        | Found a white marble altar of Elyvilon.
    99 | D        | Found a sparkling altar of Nemelex Xobeh.
   107 | D        | Bought a potion of enlightenment for 50 gold pieces
   107 | D        | Bought a potion of heal wounds for 50 gold pieces
   107 | D        | Bought a potion of mutation for 80 gold pieces
   112 | D        | Noticed Sonja
   134 | D        | Slain by Sonja

Illustrated notes

Levels and vault maps discovered:
D:        dungeon_sprint_1 [red_sonja_temple_1, red_sonja_temple_small_1]

Skill      XL: |  1  2  3  4  5  6 |
---------------+-------------------+-----
Fighting       | 3 5 6 7 |  7.5
Dodging        | 3 5 6 7 |  7.4
Unarmed Combat | 4 6 7 8 |  8.9

Action                     |  1- 3 |  4- 6 || total
---------------------------+-------+-------++-------
  Melee: Unarmed           |    12 |    16 ||    28
         Punch             |     1 |       ||     1
 Invoke: Berserk           |       |     1 ||     1
  Evoke: Wand              |     1 |       ||     1
    Use: Potion            |       |     2 ||     2
         Scroll            |       |     1 ||     1
 Armour: Animal skin       |     5 |    21 ||    26
  Dodge: Dodged            |     4 |     9 ||    13

Table legend: (Time is in decaauts)
 A = Elapsed time spent in this place.
 B = Non-inter-level travel time spent in this place.
 C = Inter-level travel time spent in this place.
 D = Time resting spent in this place.
 E = Time spent auto-exploring this place.
 F = Levels seen in this place.
 G = Mean time per level.
                   A        B        C        D        E       F      G
               +--------+--------+--------+--------+--------+-----+--------+
         Total |    137 |    132 |      5 |      2 |     13 |   1 |  137.0 |
       Dungeon |    137 |    132 |      5 |      2 |     13 |   1 |  137.0 |
               +--------+--------+--------+--------+--------+-----+--------+

Top non-repeatable levels by time:
       D: 137 daAuts
